 Dungeon Crawl Stone Soup version 0.30-a0-142-g7370640ec8 (webtiles) character file.

Game seed: 8569050055347189866

9109 qw the Cleaver (level 11, -4/68 HPs)
             Began as a Gargoyle Fighter on Sept 25, 2022.
             Was an Elder of Okawaru.
             Killed from afar by a lindwurm (39 damage)
             ... with a blast of flame
             ... on level 1 of the Lair of Beasts.
             The game lasted 00:03:48 (11204 turns).

qw the Cleaver (Gargoyle Fighter)                  Turns: 11204, Time: 00:03:49

Health: -4/68      AC: 27    Str: 25    XL:     11   Next: 41%
Magic:  14/15      EV:  9    Int:  8    God:    Okawaru [****..]
Gold:   704        SH: 12    Dex:  9    Spells: 10/10 levels left

rFire   . . .      SeeInvis .    h - +1 war axe (spect)
rCold   . . .      Faith    .    k - +0 kite shield
rNeg    + . .      Spirit   .    b - +2 chain mail {Will+}
rPois   inf        Reflect  .    g - +0 helmet
rElec   +          Harm     .    (no cloak)
rCorr   +          Rampage  .    i - +1 pair of gloves
Will    +....                    t - +0 pair of boots
Stlth   ..........               (no amulet)
HPRegen 0.21/turn                m - ring of resist corrosion
MPRegen 0.14/turn                (no ring)

@: heroic
A: sickness immunity, AC +8, negative energy resistance 1, electricity
resistance, torment resistance 1, petrification resistance
a: Renounce Religion, Heroism, Finesse


You were on level 1 of the Lair of Beasts.
You worshipped Okawaru.
Okawaru was greatly pleased with you.
You visited 3 branches of the dungeon, and saw 11 of its levels.

You collected 704 gold pieces.


Innate Abilities, Weirdness & Mutations

You are immune to sickness and miasma.
Your stone body is resilient. (AC +8)
You are immune to poison.
You resist negative energy. (rN+)
You are resistant to electric shocks. (rElec)
You are resistant to unholy torment.
You are immune to petrification.


   Skills:
 - Level 8.1(13.1) Fighting
 + Level 10.8(15.8) Axes
 - Level 1.0(6.0) Throwing
 - Level 6.7(11.7) Armour
 - Level 1.2(6.2) Dodging
 - Level 9.0(14.0) Shields
 + Level 6.3 Invocations


You had 10 spell levels left.
You didn't know any spells.
Your spell library was empty.

Inventory:

Hand Weapons
 h - a +1 spectral war axe (weapon)
 s - a -2 eveningstar
Missiles
 u - 2 boomerangs (quivered)
Armour
 b - a +2 chain mail of willpower (worn)
 g - a +0 helmet (worn)
 i - a +1 pair of gloves (worn)
 k - a +0 kite shield (worn)
 r - a +0 plate armour
 t - a +0 pair of boots (worn)
Jewellery
 m - a ring of resist corrosion (left hand)
 v - a ring of fire
 x - a ring of protection from fire
 y - a ring of magical power
Scrolls
 e - 4 scrolls of teleportation
 f - a scroll of identify
Potions
 a - a potion of ambrosia {unknown}
 c - 2 potions of resistance
 d - a potion of might
 j - a potion of magic
 l - 4 potions of curing
 n - a potion of lignification
 o - a potion of attraction
 p - a potion of cancellation
 q - a potion of haste
 w - 2 potions of heal wounds {unknown}

Dungeon Overview and Level Annotations

Branches:
Dungeon (9/15)             Temple (1/1) D:6            Lair (1/5) D:9
    Orc: D:9-12

Altars:
Ashenzari
Cheibriados
Dithmenos
Elyvilon
Fedhas
Gozag
Hepliaklqana
Kikubaaqudgha
Makhleb
Nemelex Xobeh
Okawaru
Qazlal
Ru
Sif Muna
Trog
Uskayaw
Vehumet
Wu Jian
Xom
Yredelemnul
The Shining One

Shops:
D:1 :

Annotations:
D:1 1 transporter


Message History

You feel a bond with your +1 spectral war axe.
h - a +1 spectral war axe (weapon)
You block the spriggan's attack.
You slash the lindwurm!
The lindwurm is moderately wounded.
You slash the spriggan! You hit the plant.
The plant begins to die.
Your +1 spectral war axe hits the spriggan!
Your +1 spectral war axe barely misses the lindwurm.
The lindwurm barely misses you.
The lindwurm claws you but does no damage.
The lindwurm closely misses you.
You closely miss the spriggan.
The spriggan is almost dead.
You barely miss the lindwurm. You hit the plant.
Your +1 spectral war axe hits the lindwurm.
Your +1 spectral war axe closely misses the spriggan.
The spriggan hits you but does no damage.
You block the lindwurm's attack. The lindwurm claws you.
The lindwurm claws you but does no damage.
You hit the spriggan.
You kill the spriggan!
Okawaru accepts your kill.
You completely miss the plant. You hit the lindwurm but do no damage.
Your +1 spectral war axe hits the plant!!
The lindwurm bites you!
The lindwurm claws you but does no damage.
You block the lindwurm's attack.
You hit the lindwurm but do no damage.
The lindwurm is moderately wounded.
You slash the plant!
Your +1 spectral war axe hits the plant!
You slash the lindwurm!
The lindwurm is heavily wounded.
You slash the plant!
Your +1 spectral war axe completely misses the plant.
A nearby plant withers and dies.
The lindwurm breathes flames at you. The blast of flame hits you!!!
Ouch! That really hurt!
You die...

##.....###.......#....
##.....##............
##.................
##.......77......
#..7......P.##
#..............7##
#..............7.#
.....P....k¤..P...#
##.........)@......##
#77......P.(P.....7.#
##..P....##'##P......##
#........#.. #....P...#
##....P.P.#.$ #.P..P...#
##.........#$k #........#
##...7......#####......P.##
#....7....................##
......P.....P.........7....##


You could see a lindwurm (catching breath) and a friendly +1 spectral war axe
(summoned).

Vanquished Creatures
  A hydra (Lair:1)
  A two-headed ogre (D:9)
  A death yak (Lair:1)
  A cane toad (Lair:1)
  A komodo dragon (Lair:1)
  5 blink frogs (Lair:1)
  Sigmund (D:2)
  A shadow (D:7)
  A spriggan (Lair:1)
  4 yaks (D:9)
  A wyvern (D:8)
  A wraith (D:9)
  A basilisk (Lair:1)
  A steam dragon (D:6)
  An acid dragon (D:8)
  4 water moccasins
  A black bear (D:6)
  An ice beast (D:6)
  5 orc warriors
  2 ogres
  2 centaurs
  2 phantoms (D:5)
  2 bullfrogs
  A gnoll sergeant (D:7)
  10 scorpions
  11 killer bees
  10 howler monkeys
  4 hounds
  3 jellies
  2 gnoll boudas
  6 orc priests
  3 iguanas
  6 orc wizards
  12 gnolls
  6 adders
  A shadow imp (D:6)
  A white imp (D:7)
  An ufetubus (D:5)
  2 worms
  3 dart slugs
  26 orcs
  11 endoplasms
  3 giant cockroaches (D:1)
  4 goblins
  7 hobgoblins
  11 jackals
  A quokka (D:5)
  2 ball pythons
  17 bats
  5 frilled lizards
  9 kobolds
  2 rats
  A spectral hobgoblin (D:1)
222 creatures vanquished.

Vanquished Creatures (others)
  Ijyb (D:3)
  10 fungi (D:5)
  13 plants
24 creatures vanquished.

Grand Total: 246 creatures vanquished

Notes
Turn   | Place    | Note
-------+----------+-------------------------------------------
     0 | D:1      | qw the Gargoyle Fighter began the quest for the Orb.
     0 | D:1      | Reached XP level 1. HP: 14/14 MP: 1/1
     0 | D:1      | 0 ||| qw: Version: 0.2-a-10-g399e6c4
     0 | D:1      | 0 ||| qw: Game counter: 428
     0 | D:1      | 0 ||| qw: Always use a shield: true
     0 | D:1      | 0 ||| qw: God list: Okawaru
     0 | D:1      | 0 ||| qw: Allow faded altars: false
     0 | D:1      | 0 ||| qw: Do Orc after D:15 true
     0 | D:1      | 0 ||| qw: Do second Lair branch before Depths: true
     0 | D:1      | 0 ||| qw: Lair rune preference: random
     0 | D:1      | 0 ||| qw: Plans: Normal, Zot:1-4, God:TSO, Crypt, Tomb,
                  | Pan, Slime:5, Hells, Abyss, Orb
     0 | D:1      | 0 ||| PLANNING D:1-11
    29 | D:1      | HP: 1/14 [frozen (5)]
    31 | D:1      | Reached skill level 2 in Axes
   371 | D:1      | 371 ||| Stepping randomly (stuck).
   372 | D:1      | 372 ||| Stepping randomly (stuck).
   373 | D:1      | 373 ||| Stepping randomly (stuck).
   379 | D:1      | 379 ||| Stepping randomly (stuck).
   380 | D:1      | 380 ||| Stepping randomly (stuck).
   381 | D:1      | 381 ||| Stepping randomly (stuck).
   382 | D:1      | 382 ||| Stepping randomly (stuck).
   383 | D:1      | 383 ||| Stepping randomly (stuck).
   429 | D:1      | Found a faded altar of an unknown god.
   455 | D:1      | Reached XP level 2. HP: 19/19 MP: 2/2
   592 | D:1      | 592 ||| Stepping ~*~*~tactically~*~*~ (stealth).
   593 | D:1      | 593 ||| Stepping ~*~*~tactically~*~*~ (stealth).
   953 | D:1      | 953 ||| Stepping ~*~*~tactically~*~*~ (stealth).
  1074 | D:1      | 1074 ||| Stepping ~*~*~tactically~*~*~ (hiding).
  1086 | D:1      | Reached skill level 3 in Axes
  1166 | D:1      | Reached XP level 3. HP: 23/23 MP: 3/3
  1201 | D:1      | Found Xohem's Book Boutique.
  1214 | D:1      | 1214 ||| Stepping ~*~*~tactically~*~*~ (stealth).
  1215 | D:1      | 1215 ||| Stepping ~*~*~tactically~*~*~ (stealth).
  1261 | D:1      | HP: 4/23 [frozen (5)]
  1266 | D:1      | HP: 4/23 [giant cockroach (1)]
  1649 | D:1      | 1649 ||| Stepping ~*~*~tactically~*~*~ (hiding).
  2035 | D:1      | 2035 ||| UPGRADING to +0 helmet.
  2040 | D:1      | 2040 ||| UPGRADING to +0 chain mail.
  2050 | D:1      | 2050 ||| DROPPING +0 scale mail.
  2051 | D:1      | 2051 ||| UPGRADING to +0 kite shield.
  2061 | D:1      | 2061 ||| DROPPING +0 buckler.
  2062 | D:1      | 2062 ||| READING scroll labelled FUNUUC AVVYABYIL.
  2066 | D:1      | 2066 ||| READING 2 scrolls labelled NEPTAVV UTACKU.
  2067 | D:1      | 2067 ||| READING scroll labelled TAEFOI CEAPNOMOTZ.
  2348 | D:2      | Reached XP level 4. HP: 28/28 MP: 4/4
  2646 | D:2      | 2646 ||| DROPPING +0 club.
  2656 | D:2      | Noticed Sigmund
  2678 | D:2      | Killed Sigmund
  2679 | D:2      | Reached skill level 6 in Shields
  2679 | D:2      | Reached XP level 5. HP: 23/32 MP: 5/5
  2679 | D:2      | Reached XP level 6. HP: 26/37 MP: 6/6
  3165 | D:2      | 3165 ||| READING scroll labelled HAFREU EHAVOMN.
  3218 | D:2      | 3218 ||| READING scroll labelled TAM YPRYADASENT.
  3219 | D:2      | 3219 ||| READING scroll labelled LASAEPPYARGH.
  3220 | D:2      | 3220 ||| READING scroll labelled QUTAMYIZ DUPN.
  3221 | D:2      | 3221 ||| READING scroll labelled BUHUOTS YKHLU.
  3222 | D:2      | 3222 ||| READING 2 scrolls of identify.
  3222 | D:2      | 3222 ||| IDENTIFYING ruby potion
  3223 | D:2      | 3223 ||| DROPPING potion of flight.
  3239 | D:3      | 3239 ||| STAIRDANCE
  3274 | D:3      | 3274 ||| DROPPING +0 whip.
  3329 | D:3      | 3329 ||| Stepping ~*~*~tactically~*~*~ (stealth).
  3428 | D:3      | Noticed Ijyb
  3429 | D:3      | 3429 ||| Stepping ~*~*~tactically~*~*~ (hiding).
  3437 | D:3      | HP: 2/37 [Ijyb/iceblast (19)]
  3437 | D:3      | Killed Ijyb
  3438 | D:3      | 3438 ||| FLEEEEING.
  3439 | D:3      | 3439 ||| FLEEEEING.
  3440 | D:3      | 3440 ||| FLEEEEING.
  3441 | D:3      | 3441 ||| FLEEEEING.
  3442 | D:3      | 3442 ||| FLEEEEING.
  3443 | D:3      | 3443 ||| FLEEEEING.
  3444 | D:3      | 3444 ||| FLEEEEING.
  3447 | D:3      | 3447 ||| STAIRDANCE
  3724 | D:2      | 3724 ||| READING scroll labelled WIROYZ YLUHOHI.
  3942 | D:3      | 3942 ||| UPGRADING to +2 chain mail of willpower.
  3952 | D:3      | 3952 ||| UPGRADING to +1 pair of gloves.
  3957 | D:3      | 3957 ||| DROPPING +0 chain mail.
  3979 | D:4      | 3979 ||| STAIRDANCE
  3986 | D:4      | 3986 ||| STAIRDANCE
  3995 | D:4      | Found a basalt altar of Yredelemnul.
  4068 | D:4      | 4068 ||| READING 2 scrolls of teleportation.
  4087 | D:4      | 4087 ||| Stepping ~*~*~tactically~*~*~ (stealth).
  4098 | D:4      | Reached skill level 4 in Axes
  4136 | D:4      | 4136 ||| Stepping ~*~*~tactically~*~*~ (hiding).
  4298 | D:4      | Found a broken altar of Ashenzari.
  4303 | D:4      | Found a hazy altar of Hepliaklqana.
  4304 | D:4      | Found an ornate altar of the Wu Jian Council.
  4468 | D:4      | 4468 ||| DRINKING 3 puce potions.
  4469 | D:4      | 4469 ||| READING 2 scrolls of identify.
  4469 | D:4      | 4469 ||| IDENTIFYING amethyst potion
  4473 | D:5      | Entered Level 5 of the Dungeon
  4489 | D:5      | 4489 ||| Stepping ~*~*~tactically~*~*~ (stealth).
  4497 | D:5      | 4497 ||| Stepping ~*~*~tactically~*~*~ (stealth).
  4499 | D:5      | 4499 ||| Stepping ~*~*~tactically~*~*~ (hiding).
  4505 | D:5      | Reached skill level 5 in Axes
  4505 | D:5      | Reached XP level 7. HP: 38/41 MP: 7/7
  4564 | D:5      | 4564 ||| FLEEEEING.
  4837 | D:5      | 4837 ||| Stepping ~*~*~tactically~*~*~ (stealth).
  4946 | D:5      | 4946 ||| Stepping ~*~*~tactically~*~*~ (hiding).
  4954 | D:5      | Reached skill level 6 in Axes
  5077 | D:5      | Reached skill level 1 in Dodging
  5128 | D:5      | Reached XP level 8. HP: 48/48 MP: 8/8
  5432 | D:5      | Reached skill level 7 in Axes
  5612 | D:5      | 5612 ||| DROPPING +0 flail.
  5613 | D:5      | 5613 ||| DROPPING -3 war axe of venom.
  5704 | D:5      | 5704 ||| UPGRADING to ring of resist corrosion.
  5705 | D:5      | 5705 ||| DROPPING ring of flight.
  5706 | D:5      | 5706 ||| DRINKING 2 murky yellow potions.
  5707 | D:5      | 5707 ||| READING 2 scrolls of identify.
  5707 | D:5      | 5707 ||| IDENTIFYING golden potion
  5708 | D:5      | 5708 ||| DROPPING potion of brilliance.
  5768 | D:6      | 5768 ||| Stepping ~*~*~tactically~*~*~ (stealth).
  5768 | D:6      | Found a staircase to the Ecumenical Temple.
  5769 | D:6      | 5769 ||| PLANNING TEMPLE
  5769 | D:6      | 5769 ||| FLEEEEING.
  5770 | D:6      | 5770 ||| FLEEEEING.
  5771 | D:6      | 5771 ||| FLEEEEING.
  5774 | D:6      | 5774 ||| FLEEEEING.
  5775 | D:6      | 5775 ||| STAIRDANCE
  5781 | D:6      | 5781 ||| STAIRDANCE
  5927 | Temple   | Entered the Ecumenical Temple
  5935 | Temple   | 5935 ||| PLANNING OKAWARU WORSHIP
  6100 | Temple   | Became a worshipper of Warmaster Okawaru
  6101 | Temple   | 6101 ||| PLANNING D:1-11
  6309 | D:6      | Reached skill level 8 in Axes
  6309 | D:6      | Reached XP level 9. HP: 54/54 MP: 9/9
  6416 | D:6      | 6416 ||| Stepping ~*~*~tactically~*~*~ (hiding).
  6421 | D:6      | Reached * piety under Okawaru
  6422 | D:6      | 6422 ||| INVOKING Heroism.
  6431 | D:6      | Reached skill level 6 in Fighting
  6431 | D:6      | Reached skill level 1 in Invocations
  6945 | D:6      | 6945 ||| UPGRADING to +0 pair of boots.
  6950 | D:6      | 6950 ||| READING 3 scrolls labelled JUKKEV BIUSADU.
  6951 | D:6      | 6951 ||| READING 2 scrolls labelled KARAMAGIOD.
  6952 | D:6      | 6952 ||| READING scroll labelled PAJUTT GEYWE.
  6953 | D:6      | 6953 ||| DRINKING 2 metallic dark potions.
  6954 | D:6      | 6954 ||| DROPPING 2 scrolls of noise.
  6955 | D:6      | 6955 ||| DROPPING scroll of immolation.
  6973 | D:7      | 6973 ||| INVOKING Heroism.
  6975 | D:7      | 6975 ||| INVOKING Heroism.
  6976 | D:7      | 6976 ||| STAIRDANCE
  7002 | D:7      | 7002 ||| STAIRDANCE
  7124 | D:7      | Found a flagged portal.
  7126 | D:7      | 7126 ||| INVOKING Heroism.
  7135 | D:7      | Reached skill level 3 in Invocations
  7367 | D:7      | 7367 ||| Stepping ~*~*~tactically~*~*~ (hiding).
  7371 | D:7      | 7371 ||| INVOKING Heroism.
  7515 | D:7      | 7515 ||| Stepping ~*~*~tactically~*~*~ (stealth).
  7517 | D:7      | 7517 ||| INVOKING Heroism.
  7529 | D:7      | Reached ** piety under Okawaru
  7651 | D:7      | Reached skill level 9 in Axes
  7670 | D:7      | 7670 ||| INVOKING Heroism.
  7674 | D:7      | HP: 8/55 [something (16)]
  7675 | D:7      | 7675 ||| READING 4 scrolls of teleportation.
  7680 | D:7      | Reached XP level 10. HP: 10/60 MP: 11/13
  7984 | D:7      | 7984 ||| READING scroll labelled ILYTZE NAROQO.
  7985 | D:7      | 7985 ||| READING 3 scrolls of identify.
  7985 | D:7      | 7985 ||| IDENTIFYING blue potion
  7986 | D:7      | 7986 ||| READING 2 scrolls of identify.
  7986 | D:7      | 7986 ||| IDENTIFYING lumpy emerald potion
  7987 | D:7      | 7987 ||| DROPPING potion of berserk rage.
  8171 | D:8      | 8171 ||| INVOKING Heroism.
  8338 | D:8      | Found an opulent altar of Gozag.
  8350 | D:8      | Found a hide-covered altar of Uskayaw.
  8504 | D:8      | Found a glowing golden altar of the Shining One.
  8687 | D:8      | 8687 ||| INVOKING Heroism.
  9170 | D:8      | 9170 ||| DRINKING 2 brown potions.
  9215 | D:9      | 9215 ||| STAIRDANCE
  9240 | D:9      | 9240 ||| STAIRDANCE
  9322 | D:9      | 9322 ||| Stepping ~*~*~tactically~*~*~ (hiding).
  9323 | D:9      | 9323 ||| Stepping ~*~*~tactically~*~*~ (hiding).
  9449 | D:9      | 9449 ||| Stepping ~*~*~tactically~*~*~ (stealth).
  9451 | D:9      | 9451 ||| Stepping ~*~*~tactically~*~*~ (hiding).
  9455 | D:9      | 9455 ||| INVOKING Heroism.
  9460 | D:9      | Reached skill level 9 in Shields
  9510 | D:9      | 9510 ||| Stepping ~*~*~tactically~*~*~ (hiding).
  9513 | D:9      | 9513 ||| INVOKING Heroism.
  9540 | D:9      | 9540 ||| Stepping ~*~*~tactically~*~*~ (stealth).
  9546 | D:9      | 9546 ||| INVOKING Heroism.
  9553 | D:9      | Reached *** piety under Okawaru
  9675 | D:9      | Found a staircase to the Lair.
  9714 | D:9      | 9714 ||| INVOKING Heroism.
  9719 | D:9      | Reached skill level 10 in Axes
  9719 | D:9      | 9719 ||| Stepping ~*~*~tactically~*~*~ (hiding).
  9720 | D:9      | 9720 ||| Stepping ~*~*~tactically~*~*~ (hiding).
  9721 | D:9      | 9721 ||| Stepping ~*~*~tactically~*~*~ (hiding).
  9723 | D:9      | 9723 ||| Stepping ~*~*~tactically~*~*~ (hiding).
  9732 | D:9      | 9732 ||| Stepping ~*~*~tactically~*~*~ (hiding).
  9741 | D:9      | 9741 ||| INVOKING Heroism.
  9759 | D:9      | 9759 ||| Stepping ~*~*~tactically~*~*~ (stealth).
  9781 | D:9      | Noticed a two-headed ogre
  9782 | D:9      | 9782 ||| INVOKING Heroism.
  9792 | D:9      | Killed a two-headed ogre
  9793 | D:9      | Reached skill level 6 in Armour
  9818 | D:9      | 9818 ||| FLEEEEING.
  9943 | D:9      | 9943 ||| READING scroll of enchant weapon.
  9943 | D:9      | 9943 ||| ENCHANTING +0 spectral war axe.
  9962 | D:9      | 9962 ||| INVOKING Heroism.
 10012 | D:9      | Reached skill level 1 in Throwing
 10085 | D:9      | Found a bloodstained altar of Trog.
 10275 | D:9      | 10275 ||| DRINKING 2 grey potions.
 10318 | D:8      | 10318 ||| PLANNING LAIR
 10352 | Lair:1   | Entered Level 1 of the Lair of Beasts
 10483 | Lair:1   | Noticed a cane toad
 10484 | Lair:1   | 10484 ||| Stepping ~*~*~tactically~*~*~ (stealth).
 10485 | Lair:1   | 10485 ||| Stepping ~*~*~tactically~*~*~ (stealth).
 10486 | Lair:1   | 10486 ||| Stepping ~*~*~tactically~*~*~ (stealth).
 10487 | Lair:1   | 10487 ||| INVOKING Heroism.
 10488 | Lair:1   | Killed a cane toad
 10488 | Lair:1   | Reached **** piety under Okawaru
 10489 | Lair:1   | Reached XP level 11. HP: 68/68 MP: 11/14
 10633 | Lair:1   | Noticed a death yak
 10640 | Lair:1   | 10640 ||| INVOKING Heroism.
 10646 | Lair:1   | Killed a death yak
 10714 | Lair:1   | 10714 ||| INVOKING Heroism.
 10741 | Lair:1   | 10741 ||| INVOKING Heroism.
 10782 | Lair:1   | 10782 ||| INVOKING Heroism.
 11189 | Lair:1   | Noticed an eight-headed hydra
 11189 | Lair:1   | Noticed a lindwurm
 11190 | Lair:1   | 11190 ||| Stepping ~*~*~tactically~*~*~ (hiding).
 11191 | Lair:1   | 11191 ||| INVOKING Heroism.
 11192 | Lair:1   | 11192 ||| SWAPPING to -2 eveningstar.
 11198 | Lair:1   | Killed an eight-headed hydra
 11199 | Lair:1   | Reached skill level 6 in Invocations
 11199 | Lair:1   | 11199 ||| SWAPPING to +1 spectral war axe.
 11204 | Lair:1   | Killed from afar by a lindwurm

Levels and vault maps discovered:
D:1:      spicycebolla_arrival_risky_transporter, layout_basic, serial_shops,
          shop, dreamdust_ecumenical_altar_drowned_temple,
          serial_co_window_serial, co_window_corner_a, co_window_paths_a,
          co_window_paths_a, co_window_of_opportunity_a, co_window_paths_a,
          co_window_2corner, co_window_broadway_b, co_window_unsneaky_path_a,
          co_window_unsneaky_path_d, co_window_corner_b, co_window_broadway_c,
          co_window_corner_b, co_window_paths_d, glass_columns_b,
          glass_columns_a, glass_columns_b, glass_columns_c, glass_columns_a
D:2:      wad_woods_pond, layout_basic, uniq_sigmund
D:3:      layout_rooms, minmay_misc_feat_plants, uniq_ijyb
D:4:      layout_rooms, amcnicky_altar_gilded,
          chequers_temple_overflow_statue_of_worship
D:5:      old_forge, layout_loops_ring
D:6:      layout_basic, minmay_temple_entry_overgrown, hex_large
D:7:      layout_basic, enter_bailey_2
D:8:      layout_layer_cave, mainiacjoe_overflow_catwalk,
          nicolae_overflow_hidden_temple,
          nicolae_gozag_cash_rules_everything_around_me, uniq_prince_ribbit1
D:9:      layout_long_grid, trog_book, lair_entry_dummy
Temple:   nicolae_temple_bog_church
Lair:1:   layout_hall_layers, grunt_forest_large_clearing_hut

Skill      XL: |  1  2  3  4  5  6  7  8  9 10 11 |
---------------+----------------------------------+-----
Axes           | 2 3 5 6 8 9 10 | 10.8
Shields        | 6 7 8 9 |  9.0
Fighting       | 4 5 6 8 |  8.1
Dodging        | 1 |  1.2
Armour         | 4 6 |  6.7
Invocations    | 4 6 |  6.3
Throwing       | 1 |  1.0

Action                   |  1- 3 |  4- 6 |  7- 9 | 10-12 || total
-------------------------+-------+-------+-------+-------++-------
Melee: War axe           |   153 |    85 |   250 |   140 ||   628
       Eveningstar       |       |       |       |     6 ||     6
Throw: Boomerang         |       |       |       |    23 ||    23
Invok: Heroism           |       |       |     6 |    15 ||    21
  Use: Scroll            |     3 |     9 |     5 |     4 ||    21
       Potion            |       |     1 |     2 |     2 ||     5
 Stab: Distracted        |       |       |     1 |     2 ||     3
Armor: Scale mail        |    71 |       |       |       ||    71
       Chain mail        |     2 |    43 |   132 |    73 ||   250
Dodge: Dodged            |    76 |    19 |    64 |    40 ||   199
Block: Buckler           |    35 |       |       |       ||    35
       Kite shield       |     1 |    29 |   123 |    61 ||   214

Table legend:
 A = Non-vault XP
 B = Vault XP
 C = Vault XP percentage of total XP
 D = Non-vault monster count
 E = Vault monster count
 F = Vault count percentage of total count
                 A         B        C        D         E       F
            +---------+---------+-------+---------+---------+-------
      Total |   11209 |    1804 |  13.9 |     202 |      21 |   9.4
            +---------+---------+-------+---------+---------+-------
        D:1 |      62 |       1 |   1.6 |      35 |       1 |   2.8
        D:2 |      50 |     241 |  82.8 |      13 |       2 |  13.3
        D:3 |      41 |       6 |  12.8 |      15 |       1 |   6.2
        D:4 |      66 |       0 |   0.0 |      11 |       0 |   0.0
        D:5 |     955 |     462 |  32.6 |      18 |      15 |  45.5
        D:6 |    1407 |       0 |   0.0 |      22 |       0 |   0.0
        D:7 |    1429 |       0 |   0.0 |      29 |       0 |   0.0
        D:8 |     917 |       0 |   0.0 |      20 |       0 |   0.0
        D:9 |    2949 |       0 |   0.0 |      28 |       0 |   0.0
     Lair:1 |    3333 |    1094 |  24.7 |      11 |       2 |  15.4
            +---------+---------+-------+---------+---------+-------
